 Dungeon Crawl Stone Soup version 0.30-a0-639-g3916f1956a (webtiles) character file.

Game seed: 15859442407332648665

3021 lesbiats the Grappler (level 9, -5/89 HPs)
             Began as a Troll Fighter on Jan 17, 2023.
             Was a Follower of Wu Jian.
             Slain by a hornet (9 damage)
             ... while paralysed by a hornet
             ... on level 8 of the Dungeon on Jan 19, 2023.
             The game lasted 00:20:54 (5758 turns).

lesbiats the Grappler (Troll Fighter)               Turns: 5758, Time: 00:20:55

Health: -5/89      AC:  7    Str: 26    XL:     9   Next: 55%
Magic:  8/8        EV:  1    Int:  8    God:    Wu Jian [*.....]
Gold:   507        SH:  0    Dex:  9    Spells: 8/8 levels left

rFire   . . .      SeeInvis .      - Unarmed
rCold   . . .      Faith    .    b - +0 kite shield
rNeg    + . .      Spirit   .    C - +0 steam dragon scales
rPois   .          Reflect  .    (helmet restricted)
rElec   .          Harm     .    v - scarf {repulsion}
rCorr   .          Rampage  .    (gloves unavailable)
Will    .....                    (boots unavailable)
Stlth   +                        (no amulet)
HPRegen 1.14/turn                B - ring of positive energy
MPRegen 0.11/turn                (no ring)

@: paralysed, lethally poisoned (-5 -> -6), slowed, repel missiles
A: large, unfitting armour, claws 3, regeneration 1, shaggy fur 1, tough skin 1
a: Renounce Religion


You were on level 8 of the Dungeon.
You worshipped Wu Jian.
Wu Jian was aware of your devotion.
You visited 2 branches of the dungeon, and saw 9 of its levels.

You collected 507 gold pieces.

Inventory:

Missiles
 e - 29 poisoned darts (quivered)
 q - 5 boomerangs
 s - 3 javelins
 x - 3 atropa-tipped darts
Armour
 a - a +0 robe
 b - a +0 kite shield (worn)
 v - a scarf of repulsion (worn)
 C - +0 steam dragon scales (worn)
Jewellery
 B - a ring of positive energy (left claw)
Wands
 t - a wand of flame (42)
 z - a wand of mindburst (8)
 A - a wand of light (7)
Scrolls
 d - 2 scrolls of immolation
 g - 5 scrolls of teleportation
 i - 2 scrolls of vulnerability {unknown}
 k - 3 scrolls of blinking {unknown}
 l - 3 scrolls of fog {unknown}
 n - 2 scrolls of fear {unknown}
 r - 4 scrolls of enchant armour
 y - 3 scrolls of enchant weapon {unknown}
 D - a scroll of poison {unknown}
 E - a scroll of noise {unknown}
Potions
 c - 5 potions of might
 f - 2 potions of haste
 h - a potion of heal wounds {unknown}
 j - 3 potions of degeneration
 m - 8 potions of curing
 o - 3 potions of cancellation
 p - 3 potions of flight
 u - 2 potions of brilliance
 w - 2 potions of lignification
 F - a potion of invisibility {unknown}
 G - a potion of berserk rage {unknown}


   Skills:
 + Level 6.1 Fighting
 - Level 2.4 Dodging
 + Level 6.7 Shields
 * Level 9.7 Unarmed Combat


You had 8 spell levels left.
You didn't know any spells.
Your spell library was empty.

Dungeon Overview and Level Annotations

Branches:
Dungeon (8/15)             Temple (1/1) D:6
   Lair: D:8-11

Altars:
Ashenzari
Cheibriados
Dithmenos
Elyvilon
Fedhas
Gozag
Hepliaklqana
Kikubaaqudgha
Makhleb
Nemelex Xobeh
Okawaru
Qazlal
Sif Muna
Uskayaw
Vehumet
Wu Jian
Xom
Zin
The Shining One

Shops:
D:2 *   D:6 *


Innate Abilities, Weirdness & Mutations

You are too large for most types of armour.
You have claws for hands.
Your natural rate of healing is unusually fast.
You are covered in fur. (AC +1)
You have tough skin. (AC +1)


Message History

The hornet is moderately wounded.
The hornet stings you but does no damage.
A wyvern comes into view.
The hornet misses you. The hornet closely misses you.
You miss the hornet.
The hornet is lightly wounded.
You feel yourself speed up.
The wyvern hisses angrily.
The hornet stings you.
You feel yourself slow down. The hornet barely misses you.
You barely miss the hornet.
The hornet is lightly wounded.
The hornet stings you but does no damage.
You block the hornet's attack.
You scratch the hornet but do no damage.
The hornet is lightly wounded.
The wyvern bites you. The hornet stings you!
You are poisoned.
You feel as though you will be slow longer.
The wyvern bites you!
The hornet stings you but does no damage.
You barely miss the hornet.
The hornet is lightly wounded.
You feel very sick.
The wyvern bites you but does no damage.
You block the hornet's attack. The wyvern bites you! The hornet stings you.
You suddenly lose the ability to move!
You feel yourself speed up.
You feel sick. The wyvern bites you!
* * * LOW HITPOINT WARNING * * *
The hornet stings you.
* * * LOW HITPOINT WARNING * * *
You feel yourself slow down.
You feel sick. The wyvern bites you!
* * * LOW HITPOINT WARNING * * *
The hornet stings you but does no damage.
The wyvern bites you.
* * * LOW HITPOINT WARNING * * *
The hornet stings you!
You die...

..# #.# .......+
#.#### .......##
#.#..# #.......
#.#..# #...$..
#.#..####....#
..#####.#.... +....#
....)..)##.####.yl.#
###.####.)).<...@####
#. #.#.#..........#
#. #.#....#..######
## #......#.....
########.##... #.#
.## #.# # #..


You could see a hornet and a wyvern.

Vanquished Creatures
  Sigmund (D:2)
  Eustachio (D:5)
  A steam dragon (D:6)
  Edmund (D:5)
  2 water moccasins
  A black bear (D:4)
  A sky beast (D:7)
  2 orc warriors
  The ghost of berto the Shield-Bearer, an amateur MiFi of Dithmenos (D:3)
  An ogre (D:6)
  A centaur (D:7)
  2 kobold brigands
  Blork the orc (D:4)
  A necrophage (D:6)
  3 scorpions
  2 bullfrogs
  3 howler monkeys
  2 jellies
  3 orc priests
  6 hounds
  Ijyb (D:4)
  Natasha (thrice) (D:2)
  2 iguanas
  6 orc wizards
  5 gnolls
  14 adders
  A river rat (D:3)
  A shadow imp (D:8)
  2 white imps
  5 worms
  A dart slug (D:3)
  17 orcs
  7 endoplasms
  5 giant cockroaches
  4 goblins
  9 hobgoblins
  4 jackals (D:1)
  8 quokkas
  8 ball pythons
  5 bats
  4 frilled lizards
  18 kobolds
  A rat (D:1)
167 creatures vanquished.

Notes
Turn   | Place    | Note
-------+----------+-------------------------------------------
     0 | D:1      | lesbiats the Troll Fighter began the quest for the Orb.
     0 | D:1      | Reached XP level 1. HP: 22/22 MP: 0/0
     7 | D:1      | Found a faded altar of an unknown god.
    48 | D:1      | Reached XP level 2. HP: 16/29 MP: 1/1
   316 | D:1      | Reached XP level 3. HP: 27/36 MP: 2/2
   605 | D:1      | Reached skill level 3 in Unarmed Combat
   695 | D:2      | Noticed Natasha
   745 | D:2      | Killed Natasha
   766 | D:2      | Found Kugul's Assorted Antiques.
   791 | D:2      | Noticed Sigmund
   953 | D:1      | Reached XP level 4. HP: 32/44 MP: 3/3
  1154 | D:2      | Noticed Natasha
  1165 | D:2      | Killed Natasha
  1170 | D:2      | Noticed Natasha
  1176 | D:2      | Killed Natasha
  1177 | D:2      | Reached skill level 4 in Unarmed Combat
  1177 | D:2      | Reached XP level 5. HP: 53/53 MP: 4/4
  1371 | D:2      | Killed Sigmund
  1372 | D:2      | Reached XP level 6. HP: 33/61 MP: 5/5
  1751 | D:3      | Found a runed translucent door.
  1857 | D:3      | Noticed berto's ghost (amateur MiFi)
  1867 | D:3      | Reached skill level 5 in Unarmed Combat
  1880 | D:3      | Killed berto's ghost
  1887 | D:3      | Found a runed translucent door.
  2050 | D:3      | Reached XP level 7. HP: 63/68 MP: 6/6
  2496 | D:4      | Noticed Ijyb
  2508 | D:4      | Killed Ijyb
  2509 | D:4      | Reached skill level 6 in Unarmed Combat
  2817 | D:4      | Noticed Blork the orc
  2820 | D:4      | Killed Blork the orc
  3261 | D:5      | Entered Level 5 of the Dungeon
  3353 | D:5      | Noticed Edmund
  3366 | D:5      | Killed Edmund
  3367 | D:5      | Reached skill level 5 in Shields
  3367 | D:5      | Reached XP level 8. HP: 63/79 MP: 7/7
  3405 | D:5      | Reached skill level 7 in Unarmed Combat
  3466 | D:5      | Noticed Eustachio
  3477 | D:5      | Killed Eustachio
  3567 | D:5      | Reached skill level 5 in Fighting
  3703 | D:5      | Reached skill level 8 in Unarmed Combat
  4227 | D:6      | Found a staircase to the Ecumenical Temple.
  4240 | D:6      | Reached XP level 9. HP: 74/88 MP: 8/8
  4252 | Temple   | Entered the Ecumenical Temple
  4428 | Temple   | Became a worshipper of the Wu Jian Council
  4614 | D:6      | Found an opulent altar of Gozag.
  4616 | D:6      | Found Gozag's Platinum Reserve.
  4856 | D:6      | Reached skill level 9 in Unarmed Combat
  5714 | D:8      | Reached * piety under Wu Jian
  5756 | D:8      | Paralysed by a hornet for 3 turns
  5758 | D:8      | HP: 4/89 [wyvern (1)]
  5758 | D:8      | Slain by a hornet

Illustrated notes

Levels and vault maps discovered:
D:1:      minmay_arrival_up_and_down, layout_loops_ring,
          hellmonk_ecumenical_altar_blasted
D:2:      layout_basic, serial_shops, nicolae_shop_behind_doors,
          minmay_tetromino_s2, uniq_natasha, uniq_sigmund
D:3:      layout_loops_cross, ebering_ghost_sewer_f
D:4:      layout_gridville, eino_small_chamber_without_monster,
          dk_noncrumbling_3, uniq_blork_the_orc, uniq_ijyb
D:5:      layout_loops_ring, uniq_edmund, uniq_eustachio
D:6:      layout_loops_ring, nicolae_gozag_zags_fifth_avenue,
          minmay_temple_entry_arrows
D:7:      layout_loops_ring
D:8:      layout_basic
Temple:   mainiacjoe_temple_starburst

Skill      XL: |  1  2  3  4  5  6  7  8  9 |
---------------+----------------------------+-----
Shields        | 3 4 5 6 |  6.7
Unarmed Combat | 3 4 5 6 8 9 |  9.7
Fighting       | 3 4 5 6 |  6.1
Dodging        | |  2.4

Action                   |  1- 3 |  4- 6 |  7- 9 || total
-------------------------+-------+-------+-------++-------
Melee: Unarmed           |   101 |   125 |   309 ||   535
Invok: Lunge             |       |       |    12 ||    12
  Use: Scroll            |       |       |     8 ||     8
 Stab: Distracted        |       |       |     1 ||     1
Armor: Robe              |    38 |    25 |    34 ||    97
       Steam dragon scal |       |       |    45 ||    45
Dodge: Dodged            |    46 |    25 |    70 ||   141
       Repelled          |       |       |     3 ||     3
Block: Kite shield       |    54 |    32 |   111 ||   197

Table legend: (Time is in decaauts)
 A = Elapsed time spent in this place.
 B = Non-inter-level travel time spent in this place.
 C = Inter-level travel time spent in this place.
 D = Time resting spent in this place.
 E = Time spent auto-exploring this place.
 F = Levels seen in this place.
 G = Mean time per level.
                   A        B        C        D        E       F      G
               +--------+--------+--------+--------+--------+-----+--------+
         Total |   5777 |   5155 |    622 |    117 |   3460 |   9 |  641.9 |
       Dungeon |   5537 |   4981 |    556 |    117 |   3291 |   8 |  692.1 |
        Temple |    239 |    173 |     66 |      0 |    169 |   1 |  239.0 |
               +--------+--------+--------+--------+--------+-----+--------+

Top non-repeatable levels by time:
     D:2: 951 daAuts
     D:4: 818 daAuts
     D:5: 810 daAuts
     D:1: 764 daAuts
     D:3: 756 daAuts
     D:7: 702 daAuts
     D:6: 684 daAuts
  Temple: 239 daAuts
     D:8: 49 daAuts
